 Dungeon Crawl Stone Soup version 0.27-a0-1123-g2f9bb313c0 (webtiles) character file.

Game seed: 7944777446545549915

1501 Zeld the Thrower (level 8, -3/52 HPs)
             Began as an Octopode Fighter on May 4, 2021.
             Was a Follower of Okawaru.
             Slain by a gnoll sergeant
             ... wielding a +0 trident
              (11 damage)
             ... on level 6 of the Dungeon.
             The game lasted 00:10:19 (10807 turns).

Zeld the Thrower (Octopode Fighter)                Turns: 10807, Time: 00:10:20

Health: -3/52      AC:  1    Str: 18      XL:     8   Next: 81%
Magic:  8/8        EV: 10    Int: 10      God:    Okawaru [*.....]
Gold:   47         SH:  8    Dex:  6 (11) Spells: 7/7 levels left

rFire    . . .     SeeInvis .   a - +1 war axe
rCold    . . .     Faith    .   b - +0 kite shield
rNeg     . . .     Spirit   .   (helmet restricted)
rPois    .         Reflect  .   (no amulet)
rElec    .         Harm     .   (no ring)
rCorr    .         Rampage  .   (no ring)
Will     .....                  (no ring)
Stlth    ++........             (no ring)
HPRegen  0.17/turn              (no ring)
MPRegen  0.11/turn              (no ring)
                                (no ring)
                                (no ring)

@: no status effects
A: almost no armour, amphibious, 8 rings, camouflage 1, gelatinous body 1,
(nimble swimmer 1), tentacles
a: Renounce Religion, Heroism


You were on level 6 of the Dungeon.
You worshipped Okawaru.
Okawaru was aware of your devotion.
You visited 2 branches of the dungeon, and saw 7 of its levels.

You collected 278 gold pieces.
You spent 231 gold pieces at shops.

Inventory:

Hand Weapons
 a - a +1 war axe (weapon)
Missiles
 d - 6 javelins (quivered)
 k - 2 boomerangs
Armour
 b - a +0 kite shield (worn)
Wands
 j - a wand of iceblast (10)
 o - a wand of flame (13)
Scrolls
 f - 5 scrolls of magic mapping
 g - a scroll of teleportation
 m - a scroll of holy word
 p - a scroll of blinking {unknown}
Potions
 c - a potion of heal wounds {unknown}
 e - a potion of magic {unknown}
 i - 3 potions of flight {unknown}
 l - a potion of ambrosia {unknown}
 n - a potion of mutation {unknown}


   Skills:
 - Level 3.1 Fighting
 - Level 2.2 Axes
 * Level 10.4 Throwing
 - Level 3.0 Dodging
 - Level 3.1 Shields


You had 7 spell levels left.
You didn't know any spells.
Your spell library contained the following spells:

 Spells                   Type           Power      Damage    Failure   Level
 Corona                   Hex            0%         N/A       87%         1
 Slow                     Hex            0%         N/A       95%         2
 Inner Flame              Hex/Fire       0%         N/A       99%         3
 Portal Projectile        Hex/Tloc       0%         N/A       99%         3
 Cause Fear               Hex            0%         N/A       100%        4
 Leda's Liquefaction      Hex/Erth       0%         N/A       100%        4


Dungeon Overview and Level Annotations

Branches:
Dungeon (6/15)             Temple (1/1) D:4

Altars:
Cheibriados
Dithmenos
Gozag
Hepliaklqana
Makhleb
Nemelex Xobeh
Okawaru
Qazlal
Ru
Uskayaw
Wu Jian
Yredelemnul
The Shining One

Shops:
D:2 ?

Annotations:
D:6 Eustachio


Innate Abilities, Weirdness & Mutations

You cannot wear most types of armour.
You are amphibious.
You can wear up to eight rings at the same time.
Your skin changes colour to match your surroundings (Stealth+).
Your rubbery body absorbs attacks. (AC +1, EV +1)
((You are camouflaged near water. (Stealth+)))
You have tentacles for arms and can constrict up to eight enemies at once.


Message History

Okawaru accepts your kill. You block the orc's attack. x2
You hit the orc. Your grab misses the orc. You squeeze the orc.
You kill the orc!
Okawaru accepts your kill.
No target in view!
No target in view!
HP restored.
Things that are here:
a +0 dagger; a +0 robe; an orc corpse
Things that are here:
a +0 flail; a +0 ring mail
There is a stone staircase leading up here.
Things that are here:
a +0 ring mail; a +0 whip; an orc skeleton As you open the door, it creaks loudly!
There is an open door here.
You open the door.
There is an open door here.
Found a stone staircase leading down.
There is a stone staircase leading down here.
A gnoll sergeant is nearby!
A gnoll sergeant is nearby!
The gnoll sergeant shouts!
The gnoll sergeant hits you from afar with a +0 trident!!
The gnoll sergeant hits you with a +0 trident!
The gnoll sergeant blocks your attack.
Your grab misses the gnoll sergeant.
The gnoll sergeant hits you with a +0 trident.
You are too injured to fight recklessly!
You are too injured to fight recklessly!
The gnoll sergeant blocks your attack.
You grab the gnoll sergeant. You constrict the gnoll sergeant.
The gnoll sergeant barely misses you.
The gnoll sergeant hits you with a +0 trident!
* * * LOW HITPOINT WARNING * * *
You hit the gnoll sergeant but do no damage.
You squeeze the gnoll sergeant.
The gnoll sergeant is lightly wounded.
You constrict the gnoll sergeant. You block the gnoll sergeant's attack.
The gnoll sergeant hits you with a +0 trident!
You die...

#........# #######.###
## #...# # .## ###...###
. ..#####.......# .#
...#..........#####.####
.....##............(...#
...#####......##....##.#
.b## #.........@.......
.## ##...#....g..###.#
## ##.##..###..# ###
#.##..#)#..# ..#
#.##..###..# #.#
#'##.......# #.#
...#=......# # # ..
.#..###.. . . .## #.


You could see a gnoll sergeant.

Vanquished Creatures
  An ice beast (D:5)
  A sky beast (D:5)
  3 ogres
  A necrophage (D:6)
  Blork the orc (D:6)
  A bullfrog (D:6)
  A scorpion (D:6)
  2 water moccasin skeletons
  2 wights
  A bullfrog zombie (D:5)
  3 hounds
  A jelly (D:4)
  2 centaur skeletons (D:5)
  A gnoll shaman (D:5)
  3 orc wizards
  An iguana (D:4)
  A killer bee zombie (D:6)
  10 adders
  3 gnolls (D:5)
  A shadow imp (D:5)
  2 worms (D:2)
  A dart slug (D:1)
  19 orcs
  4 ball pythons
  7 endoplasms
  3 giant cockroaches
  8 hobgoblins
  7 jackals
  8 kobolds
  A quokka (D:1)
  5 bats
  5 frilled lizards
  7 goblins
  3 rats
120 creatures vanquished.

Vanquished Creatures (others)
  A plant (D:2)
1 creature vanquished.

Grand Total: 121 creatures vanquished

Notes
Turn   | Place    | Note
-------+----------+-------------------------------------------
     0 | D:1      | Zeld the Octopode Fighter began the quest for the Orb.
     0 | D:1      | Reached XP level 1. HP: 16/16 MP: 1/1
   580 | D:1      | Reached XP level 2. HP: 21/21 MP: 2/2
   701 | D:1      | Reached skill level 1 in Throwing
   816 | D:1      | Reached XP level 3. HP: 26/26 MP: 3/3
  1264 | D:1      | Reached skill level 2 in Throwing
  1931 | D:2      | Found Xopry's Magic Scroll Shoppe.
  1938 | D:2      | Bought a scroll of identify for 28 gold pieces
  2233 | D:2      | Reached XP level 4. HP: 31/31 MP: 4/4
  2243 | D:2      | Reached skill level 3 in Throwing
  2926 | D:2      | Bought a scroll of identify for 28 gold pieces
  2926 | D:2      | Bought a scroll of identify for 28 gold pieces
  3715 | D:2      | Reached skill level 4 in Throwing
  3715 | D:2      | Reached XP level 5. HP: 19/36 MP: 5/5
  4265 | D:3      | Found a hide-covered altar of Uskayaw.
  4265 | D:3      | Noticed a +0 short sword
  4265 | D:3      | Noticed a +0 falchion
  4265 | D:3      | Noticed a +0 spear
  4266 | D:3      | Noticed a +0 dagger
  4266 | D:3      | Noticed a +0 spear
  4267 | D:3      | Noticed a +0 falchion
  4270 | D:3      | Noticed a +0 short sword
  4273 | D:3      | Noticed a +0 dagger
  4516 | D:3      | Found an opulent altar of Gozag.
  4706 | D:3      | Found a sacrificial altar of Ru.
  4811 | D:4      | Reached skill level 5 in Throwing
  5044 | D:4      | Reached XP level 6. HP: 14/42 MP: 6/6
  5293 | D:4      | Found a staircase to the Ecumenical Temple.
  5317 | Temple   | Entered the Ecumenical Temple
  5499 | Temple   | Became a worshipper of Warmaster Okawaru
  6166 | D:4      | Found a snail-covered altar of Cheibriados.
  6274 | D:4      | Reached skill level 6 in Throwing
  6275 | D:4      | Reached XP level 7. HP: 9/46 MP: 7/7
  6701 | D:2      | Bought a scroll of magic mapping for 49 gold pieces
  6701 | D:2      | Bought a scroll of magic mapping for 49 gold pieces
  6752 | D:5      | Entered Level 5 of the Dungeon
  6983 | D:5      | Reached skill level 7 in Throwing
  7460 | D:5      | Reached skill level 8 in Throwing
  7735 | D:5      | Reached XP level 8. HP: 23/52 MP: 8/8
  8086 | D:5      | Reached skill level 9 in Throwing
  8309 | D:2      | Bought a scroll of magic mapping for 49 gold pieces
  8541 | D:6      | Reached * piety under Okawaru
  8888 | D:6      | Noticed Blork the orc
  8888 | D:6      | Noticed Eustachio
  9401 | D:6      | Reached skill level 10 in Throwing
  9712 | D:6      | Killed Blork the orc
 10807 | D:6      | Slain by a gnoll sergeant

Illustrated notes

Levels and vault maps discovered:
D:1:      onia_arrival_mini_spirals, layout_loops_ring
D:2:      layout_basic, serial_shops, shop, serial_bayou_lake_a
D:3:      layout_rooms, nicolae_uskayaw_en_pointe,
          nicolae_overflow_crystal_walls, grunt_gozag_breadcrumbs
D:4:      layout_basic, cheibriados_altar_1, temple_fountains,
          kennysheep_nondescript
D:5:      layout_loops_ring
D:6:      layout_loops_corners, gammafunk_temple_overflow_wave, sword_in_stone
Temple:   compressed_dpeg_triangle_lava_temple

Skill      XL: |  1  2  3  4  5  6  7  8 |
---------------+-------------------------+-----
Throwing       | 1 2 4 5 6 8 10 | 10.4
Fighting       | |  3.1
Axes           | |  2.2
Dodging        | |  3.0
Shields        | |  3.1

Action                   |  1- 3 |  4- 6 |  7- 9 || total
-------------------------+-------+-------+-------++-------
Melee: War axe           |    62 |    99 |    91 ||   252
       Constrict         |    13 |    29 |    27 ||    69
       Tentacles         |     7 |    17 |    25 ||    49
Throw: Javelin           |       |       |    13 ||    13
  Use: Scroll            |     2 |     8 |     4 ||    14
       Potion            |     1 |     1 |       ||     2
 Stab: Sleeping          |     7 |     6 |     1 ||    14
Armor: Skin              |    13 |    18 |     5 ||    36
Dodge: Dodged            |    17 |    59 |    65 ||   141
Block: Kite shield       |    24 |    62 |    67 ||   153

Table legend: (Time is in decaauts)
 A = Elapsed time spent in this place.
 B = Non-inter-level travel time spent in this place.
 C = Inter-level travel time spent in this place.
 D = Time resting spent in this place.
 E = Time spent auto-exploring this place.
 F = Levels seen in this place.
 G = Mean time per level.
                   A        B        C        D        E       F      G
               +--------+--------+--------+--------+--------+-----+--------+
         Total |  10981 |  10537 |    444 |   3018 |   6274 |   7 | 1568.7 |
       Dungeon |  10581 |  10142 |    439 |   3018 |   5887 |   6 | 1763.5 |
        Temple |    399 |    394 |      5 |      0 |    387 |   1 |  399.0 |
               +--------+--------+--------+--------+--------+-----+--------+

Top non-repeatable levels by time:
     D:2: 2467 daAuts
     D:5: 2144 daAuts
     D:6: 1863 daAuts
     D:1: 1651 daAuts
     D:3: 1345 daAuts
     D:4: 1110 daAuts
  Temple: 399 daAuts
